 Dungeon Crawl Stone Soup version 0.28-a0-1344-g6b9ff3a05d (webtiles) character file.

Game seed: 550839888826458951

72 Deminshera the Bolt Thrower (level 4, 0/42 HPs)
             Began as a Tengu Hunter on Dec 29, 2021.
             Succumbed to an adder's poison
             ... on level 2 of the Dungeon.
             The game lasted 00:02:48 (2807 turns).

Deminshera the Bolt Thrower (Tengu Hunter)          Turns: 2807, Time: 00:02:48

Health: 0/42       AC: 22    Str: 14    XL:     4   Next: 26%
Magic:  5/5        EV:  2    Int: 11    God:
Gold:   55         SH:  0    Dex: 15    Spells: 3/3 levels left

rFire   . . .      SeeInvis .   b - +0 short sword
rCold   . . .      Faith    .   (no shield)
rNeg    . . .      Spirit   .   (armour currently unavailable)
rPois   +          Reflect  .   (helmet currently unavailable)
rElec   .          Harm     .   (cloak currently unavailable)
rCorr   .          Rampage  .   (gloves currently unavailable)
Will    .....      NoTele   +   (boots unavailable)
Stlth   ++........              (no amulet)
HPRegen 0.14/turn               (no ring)
MPRegen 0.09/turn               (no ring)

@: lethally poisoned (0 -> -3), tree-form
A: stationary, stasis, torment immunity, boosted hp, (beak), (talons 3)
a: no special abilities


You were on level 2 of the Dungeon.
You were a tree.
You visited 1 branch of the dungeon, and saw 2 of its levels.

You collected 55 gold pieces.

Inventory:

Hand Weapons
 a - a +1 hand crossbow
 b - a +0 short sword (weapon)
Missiles
 d - 20 bolts
 e - a poisoned dart (quivered)
Armour
 c - a +0 leather armour (melded)
Jewellery
 f - an amulet of magic regeneration
Scrolls
 g - 3 scrolls of identify {unknown}


   Skills:
 + Level 3.4 Fighting
 - Level 4.3 Crossbows
 - Level 2.1 Dodging
 - Level 3.0 Stealth


You had 3 spell levels left.
You didn't know any spells.
Your spell library was empty.

Dungeon Overview and Level Annotations

Branches:
Dungeon (2/15)

Altars:


Innate Abilities, Weirdness & Mutations

You are a tree.
Your roots penetrate the ground, keeping you stationary.
You cannot be teleported.
You are immune to unholy pain and torment.
Your maximum health is greatly increased.
Your equipment is partially melded.
((You have a beak for a mouth.))
((You have claws for feet.))


Message History

You throw a poisoned dart.
The poisoned dart barely misses the adder.
You feel sick. The adder bites you.
You are more poisoned.
The adder poisons you!
You feel sick.
You feel sick. The adder completely misses you.
You feel sick.
You feel sick.
You throw a poisoned dart. The poisoned dart hits the adder.
The adder looks even sicker.
The adder is heavily wounded.
You feel sick. The adder misses you. The adder bites you.
You are more poisoned.
The adder poisons you!
You feel sick.
You feel sick.
You feel sick. The adder barely misses you.
You closely miss the adder. Your kick misses the adder.
The adder is heavily wounded.
You feel sick. The adder barely misses you.
You barely miss the adder. You claw the adder.
The adder is severely wounded.
You feel sick. The adder closely misses you. The adder bites you.
* * * LOW HITPOINT WARNING * * *
You are lethally poisoned!
The adder poisons you!
It was a potion of lignification.
You turn into a tree.
Your +0 leather armour melds into your body.
Your roots penetrate the ground.
* * * LOW HITPOINT WARNING * * *
You feel sick. The adder bites you but does no damage.
You hit the adder.
The adder is almost dead.
* * * LOW HITPOINT WARNING * * *
You feel sick.
The adder looks more healthy.
The adder bites you but does no damage.
You hit the adder.
You kill the adder!
You die...

# #.....# #.# #
#.....###.#
#############.......#.#
............÷........>#
......÷...............#
#######.###########.#.#
#.# ........#.# ### #.#
#.########.# ..## #.#
#....♣.w...# #..# #.#
#########(.#
##.####'### ##..###
##.......)# #.....#
.##.......# #...#.#
.++.......#
#...#.(......
.##.......#
#...#..(...((
.##.......#
#...#.#######
.##......... +..##.#


You could see a worm.

Vanquished Creatures
  A howler monkey skeleton (D:2)
  3 adders (D:2)
  2 dart slugs (D:1)
  6 bats (D:1)
  2 endoplasms (D:1)
  2 giant cockroaches (D:2)
  2 goblins (D:1)
  5 hobgoblins
  2 ball pythons (D:1)
  12 frilled lizards
  5 kobolds (D:1)
  A rat (D:1)
43 creatures vanquished.

Vanquished Creatures (others)
  5 plants (D:1)
5 creatures vanquished.

Grand Total: 48 creatures vanquished

Notes
Turn   | Place    | Note
-------+----------+-------------------------------------------
     0 | D:1      | Deminshera the Tengu Hunter began the quest for the Orb.
     0 | D:1      | Reached XP level 1. HP: 12/12 MP: 2/2
   132 | D:1      | Reached XP level 2. HP: 10/17 MP: 3/3
  1287 | D:1      | Reached XP level 3. HP: 13/21 MP: 4/4
  2287 | D:2      | Reached XP level 4. HP: 18/28 MP: 5/5
  2805 | D:2      | HP: 2/42 [poisoned by an adder]
  2807 | D:2      | Succumbed to an adder's poison

Illustrated notes

Levels and vault maps discovered:
D:1:      sevenhm_arrival_forest_fort_small_3, layout_basic, serial_rivers,
          chequers_serial_rivers_micro_e, chequers_serial_rivers_micro_b,
          chequers_serial_rivers_micro_c, chequers_serial_rivers_room_b,
          hex_tiny, minmay_lizard_king
D:2:      layout_basic, ebering_ecumenical_altar_petrified, basic_altar

Skill      XL: |  1  2  3 |
---------------+----------+-----
Stealth        | 2 3 |  3.0
Fighting       | 3 |  3.4
Crossbows      | |  4.3
Dodging        | |  2.1

Action                   |  1- 3 |  4- 6 || total
-------------------------+-------+-------++-------
Melee: Short sword       |    76 |     7 ||    83
       Kick              |    22 |     2 ||    24
       Peck              |     9 |       ||     9
Throw: Dart              |    54 |    19 ||    73
  Use: Potion            |       |     1 ||     1
Armor: Leather armour    |    24 |     6 ||    30
       Skin              |       |     2 ||     2
Dodge: Dodged            |    71 |    12 ||    83

Table legend: (Time is in decaauts)
 A = Elapsed time spent in this place.
 B = Non-inter-level travel time spent in this place.
 C = Inter-level travel time spent in this place.
 D = Time resting spent in this place.
 E = Time spent auto-exploring this place.
 F = Levels seen in this place.
 G = Mean time per level.
                   A        B        C        D        E       F      G
               +--------+--------+--------+--------+--------+-----+--------+
         Total |   2818 |   2805 |     13 |   1644 |    874 |   2 | 1409.0 |
       Dungeon |   2818 |   2805 |     13 |   1644 |    874 |   2 | 1409.0 |
               +--------+--------+--------+--------+--------+-----+--------+

Top non-repeatable levels by time:
     D:1: 1992 daAuts
     D:2: 825 daAuts
